 Dungeon Crawl Stone Soup version 0.25-a0-478-g33c61bd (webtiles) character file.

Game seed: 16401850525940704556, levelgen mode: deterministic

86 15 the Ruffian (level 4, 0/36 HPs)
             Began as a Draconian Transmuter on Feb 8, 2020.
             Slain by a gnoll (4 damage)
             ... on level 2 of the Dungeon.
             The game lasted 00:07:13 (1817 turns).

15 the Ruffian (Draconian Transmuter)               Turns: 1817, Time: 00:07:13

Health: 0/36       AC:  5    Str: 13    XL:     4   Next: 27%
Magic:  7/7        EV: 12    Int: 13    God:
Gold:   35         SH:  0    Dex: 12    Spells: 2/8 levels left

rFire    . . .     SeeInvis .     - Unarmed
rCold    . . .     Gourm    .   (no shield)
rNeg     . . .     Faith    .   (armour unavailable)
rPois    .         Spirit   .   (helmet restricted)
rElec    .         Reflect  .   (no cloak)
rCorr    .         Harm     .   (no gloves)
MR       .....                  (no boots)
Stlth    +.........             (no amulet)
HPRegen  0.12/turn              (no ring)
MPRegen  0.10/turn              (no ring)

@: appendage (expiring)
A: unfitting armour, horns 2, cold-blooded, AC +5
a: End Transformation


You were on level 2 of the Dungeon.
You were not hungry.
You had grown temporary horns.
You visited 1 branch of the dungeon, and saw 3 of its levels.

You collected 35 gold pieces.

Inventory:

Missiles
 a - 67 arrows
Scrolls
 e - 2 scrolls of teleportation
 f - a scroll of immolation {unknown}
 g - a scroll of random uselessness {unknown}
 i - a scroll of identify {unknown}
 j - a scroll of amnesia
Potions
 d - a potion of invisibility {unknown}
 h - a potion of magic {unknown}
 k - a potion of cancellation {unknown}
Comestibles
 b - 3 chunks of flesh
 c - 4 rations


   Skills:
 * Level 1.7 Fighting
 * Level 2.4 Dodging
 * Level 3.9 Unarmed Combat
 * Level 2.6 Spellcasting
 * Level 2.3 Transmutations


You had 2 spell levels left.
You knew the following spells:

 Your Spells              Type           Power        Failure   Level  Hunger
a - Beastly Appendage     Tmut           #.....       9%          1    #......
b - Sticks to Snakes      Tmut           #.......     14%         2    ###....
c - Spider Form           Tmut/Pois      #.........   41%         3    ###....

Your spell library contained the following spells:

 Spells                   Type           Power        Failure   Level  Hunger
 Ice Form                 Ice/Tmut       #.......     82%         4    #####..
 Blade Hands              Tmut           #.........   94%         5    ######.


Dungeon Overview and Level Annotations

Branches:
Dungeon (3/15)

Altars:
Elyvilon
Fedhas
Nemelex Xobeh


Innate Abilities, Weirdness & Mutations

Your plain brown scales are hard. (AC +5)
You cannot fit into any form of body armour.
You are cold-blooded and may be slowed by cold attacks.
You have a pair of horns on your head.


Message History

Your transformation is almost over.
The quokka bites you but does no damage.
You barely miss the quokka. Your headbutt misses the quokka.
The quokka closely misses you.
You hit the quokka. You headbutt the quokka.
You kill the quokka!
You hit the gnoll but do no damage. The gnoll hits you.
* * * LOW HITPOINT WARNING * * *
You hit the gnoll but do no damage.
Your tail-slap misses the gnoll.
You barely miss the gnoll. The gnoll hits you.
* * * LOW HITPOINT WARNING * * *
You closely miss the gnoll. The gnoll barely misses you.
You hit the gnoll. You tail-slap the gnoll.
The gnoll is heavily wounded.
The gnoll barely misses you.
You hit the gnoll. Your headbutt misses the gnoll.
Your tail-slap misses the gnoll.
The gnoll is almost dead.
The gnoll hits you.
You die...

# ######......# #.# ##
######..........## #.# .#
#(.....####.....# #.#
.###.###### ###.#.# #.#
........# #.#.# #.#
##.#.##.########.#.# #.#
#######..........#.# #.#
##>## ##########.#.# #.#
8...8 #@#.# #.# .....#
###g#.## #.# .....8
#>.....####.# .....##
#...........# 8...8######
#.##...###### .....##...#
##.###.#######
.....8###.###...##.......#
.....##.........########.#
8)..8 ###.......# #.#


You could see a gnoll.

Vanquished Creatures
  2 gnolls (D:3)
  2 worms (D:2)
  A dart slug (D:2)
  2 leopard geckos (D:1)
  4 giant cockroaches
  5 goblins
  7 hobgoblins
  3 jackals (D:1)
  2 quokkas (D:2)
  A ball python (D:2)
  8 bats
  6 frilled lizards
  7 kobolds
  8 rats
58 creatures vanquished.

Notes
Turn   | Place    | Note
-------+----------+-------------------------------------------
     0 | D:1      | 15 the Draconian Transmuter began the quest for the Orb.
     0 | D:1      | Reached XP level 1. HP: 16/16 MP: 3/3
    73 | D:1      | Reached XP level 2. HP: 13/23 MP: 3/5
   133 | D:1      | Learned a level 2 spell: Sticks to Snakes
   256 | D:1      | Found a sparkling altar of Nemelex Xobeh.
   561 | D:1      | Reached XP level 3. HP: 17/28 MP: 6/6
   566 | D:1      | Learned a level 3 spell: Spider Form
  1159 | D:2      | Found a white marble altar of Elyvilon.
  1292 | D:2      | Found a blossoming altar of Fedhas.
  1794 | D:3      | Reached XP level 4. HP: 28/36 MP: 5/7
  1817 | D:2      | Slain by a gnoll

Levels and vault maps discovered:
D:1:      scummos_arrival_gate, layout_basic, nemelex_xobeh_ov_fountains_minmay
D:2:      layout_loops_ring, elyvilon_altar_3, nicolae_overflow_hidden_temple,
          first_ration
D:3:      layout_basic, lemuel_round_altar, st_stairs_7,
          ebering_dispersal_statue_hall

Skill      XL: |  1 |
---------------+----+-----
Dodging        | 2 |  2.4
Fighting       | |  1.7
Unarmed Combat | |  3.9
Spellcasting   | |  2.6
Transmutations | |  2.3

Action                   |  1- 3 |  4- 6 || total
-------------------------+-------+-------++-------
Melee: Unarmed           |   175 |    14 ||   189
       Kick              |     7 |     1 ||     8
       Tailslap          |    15 |     2 ||    17
       Headbutt          |     4 |     1 ||     5
       Punch             |     1 |       ||     1
 Cast: Beastly Appendage |    22 |     1 ||    23
       Spider Form       |     1 |       ||     1
  Use: Scroll            |     3 |       ||     3
  Eat: Chunk             |     4 |       ||     4
Armor: Skin              |    59 |     8 ||    67
Dodge: Dodged            |   114 |    11 ||   125

Table legend:
 A = Non-vault XP
 B = Vault XP
 C = Vault XP percentage of total XP
 D = Non-vault monster count
 E = Vault monster count
 F = Vault count percentage of total count
                 A         B        C        D         E       F
            +---------+---------+-------+---------+---------+-------
      Total |     122 |       2 |   1.6 |      57 |       1 |   1.7
            +---------+---------+-------+---------+---------+-------
        D:1 |      53 |       0 |   0.0 |      34 |       0 |   0.0
        D:2 |      41 |       2 |   4.7 |      20 |       1 |   4.8
        D:3 |      28 |       0 |   0.0 |       3 |       0 |   0.0
            +---------+---------+-------+---------+---------+-------
